 Dungeon Crawl Stone Soup version 0.21-a0-1-gaf3b9a5 (webtiles) character file.

3878 nikopol the Skirmisher (level 10, -5/94 HPs)
             Began as a Gargoyle Berserker on May 20, 2017.
             Was an Elder of Trog.
             Slain by a white ugly thing (21 damage)
             ... on level 7 of the Dungeon.
             The game lasted 00:19:11 (6465 turns).

nikopol the Skirmisher (Gargoyle Berserker)         Turns: 6465, Time: 00:19:12

Health: -5/94      AC: 20    Str: 31    XL:     10   Next: 19%
Magic:  10/10      EV: 11    Int:  7    God:    Trog [****..]
Gold:   452        SH:  0    Dex: 12    Spells: 9/9 levels left

rFire    . . .     SeeInvis .   a - +0 war axe
rCold    . . .     Gourm    .   (no shield)
rNeg     + . .     Faith    .   m - +0 chain mail
rPois    ∞         Spirit   .   y - +2 helmet of the Seven of Pentacles {+Blink MR- Str+4}
rElec    +         Reflect  .   (no cloak)
rCorr    +         Harm     .   (no gloves)
MR       .....                  (no boots)
Stlth    ..........             (no amulet)
Regen    0.3/turn               i - ring of resist corrosion
MPRegen  0.2/turn               (no ring)

@: berserking (expiring), very quick
A: negative energy resistance 1, electricity resistance, unbreathing,
petrification resistance, rot immunity, AC +7
a: Berserk, Trog's Hand, Brothers in Arms, Burn Spellbooks, Renounce Religion,
Evoke Blink


You were on level 7 of the Dungeon.
You worshipped Trog.
Trog was greatly pleased with you.
You were very hungry.

You visited 1 branch of the dungeon, and saw 7 of its levels.

You collected 452 gold pieces.

Inventory:

Hand Weapons
 a - a +0 war axe (weapon)
 u - a +5 flail of venom
 z - a +0 shortbow
 E - a +0 hand axe
 G - a +0 shortbow
Missiles
 s - 58 arrows
Armour
 b - a +0 animal skin
 l - a +2 helmet
 m - a +0 chain mail (worn)
 v - a +2 ring mail of fire resistance
 y - the +2 helmet of the Seven of Pentacles (worn) {+Blink MR- Str+4}
   (You took it off Robin on level 4 of the Dungeon)

   It affects your strength (+4).
   It affects your resistance to hostile enchantments.
   It lets you blink.
 F - a +0 ring mail of magic resistance
Jewellery
 i - a ring of resist corrosion (left hand)
Scrolls
 d - a scroll of amnesia {unknown}
 e - 5 scrolls of identify {unknown}
 f - 3 scrolls of magic mapping {unknown}
 g - 6 scrolls of teleportation {unknown}
 k - 6 scrolls of remove curse {unknown}
 p - 2 scrolls of enchant weapon {unknown}
 C - a scroll of enchant armour {unknown}
 H - a scroll of fear {unknown}
Potions
 h - a potion of degeneration {unknown}
 n - a potion of brilliance {unknown}
 o - 2 potions of ambrosia {unknown}
 r - a potion of heal wounds {unknown}
 t - a potion of resistance {unknown}
 w - 2 potions of invisibility {unknown}
 x - a potion of agility {unknown}
 A - a potion of curing {unknown}
 D - a potion of lignification {unknown}
 J - a potion of mutation {unknown}
Comestibles
 c - 4 bread rations
 j - 5 meat rations
 q - 2 royal jellies
 B - 9 fruits
 I - 9 chunks of flesh


   Skills:
 + Level 7.5 Fighting
 * Level 7.5 Axes
 * Level 6.2 Bows
 + Level 6.8 Armour
 + Level 5.1 Dodging


You had 9 spell levels left.
You didn't know any spells.

Dungeon Overview and Level Annotations

Branches:
Dungeon (7/15)             Temple (0/1) D:4

Altars:
Dithmenos
Nemelex Xobeh
Vehumet
Yredelemnul

Annotations:
D:7 1 transporter


Innate Abilities, Weirdness & Mutations

You are resistant to torment.
Your stone body is resilient. (AC +7)
You are immune to poison.
You resist negative energy. (rN+)
You are resistant to electric shocks. (rElec)
You can survive without breathing.
You are immune to petrification.
You are immune to rotting.


Message History

The white ugly thing bites you but does no damage.
You closely miss the white ugly thing.
The white ugly thing is heavily wounded.
The white ugly thing bites you but does no damage.
You hit the white ugly thing.
The white ugly thing is heavily wounded.
You hit the white ugly thing.
The white ugly thing is severely wounded.
The white ugly thing bites you but does no damage.
You slash the white ugly thing!
The white ugly thing is severely wounded.
The white ugly thing closely misses you.
You closely miss the white ugly thing.
The white ugly thing is severely wounded.
You barely miss the white ugly thing.
The white ugly thing is severely wounded.
The white ugly thing bites you.
* * * LOW HITPOINT WARNING * * *
The white ugly thing freezes you!!
You die...

#........... ........
#...........(...
......##
#..............
......#.
#......####### ... #.
#.....##...©. #.
######.....#8.##.# #
#.
...........#..##.##%.#
#.
...........#...(...}.#
##
..........©#..@†...$_#
#########..#...u...}.#
##.#$.##.##(.# #.#8.#
.# # #.##... .
#..####### ##.........
###########


You could see a white ugly thing.

Vanquished Creatures
  The ghost of nubinia the Thaumaturge, a novice GnWn of Sif Muna (D:7)
  A cyclops (D:7)
  The ghost of PeterMcNeter the Stinger, a novice GrVM of Hepliaklqana (D:5)
  Grinder (D:4)
  Edmund (D:4)
  A hungry ghost (D:6)
  Eustachio (D:6)
  2 orc warriors
  An ice beast (D:6)
  2 ogres
  3 centaurs
  5 bullfrogs
  A big kobold (D:7)
  2 scorpions
  4 wights (D:7)
  3 crimson imps
  A centaur zombie (D:7)
  A centaur skeleton (D:4)
  A hound (D:7)
  3 orc priests
  A jelly (D:7)
  2 orc wizards
  A gnoll shaman (D:5)
  2 iguanas
  11 worker ants
  A hound zombie (D:7)
  Robin (D:4)
  8 gnolls
  8 adders
  A shadow imp (D:6)
  An ooze (D:3)
  A worm (D:2)
  3 dart slugs
  4 leopard geckos
  26 orcs
  7 giant cockroaches
  8 goblins
  9 hobgoblins
  7 jackals (D:6)
  4 kobolds
  5 quokkas
  3 ball pythons
  5 bats
  6 frilled lizards
  A giant cockroach zombie (D:5)
  6 rats
168 creatures vanquished.

Notes
Turn   | Place    | Note
-------+----------+-------------------------------------------
     0 | D:1      | nikopol the Gargoyle Berserker began the quest for the Orb.
     0 | D:1      | Reached XP level 1. HP: 14/14 MP: 1/1
   132 | D:1      | Reached XP level 2. HP: 1/19 MP: 2/2
   999 | D:2      | Reached XP level 3. HP: 13/24 MP: 3/3
  1478 | D:2      | Reached ** piety under Trog
  1704 | D:3      | Reached XP level 4. HP: 29/29 MP: 4/4
  2080 | D:3      | Reached XP level 5. HP: 32/34 MP: 5/5
  2352 | D:4      | Noticed Grinder
  2375 | D:4      | Paralysed by Grinder for 6 turns
  2385 | D:4      | Paralysed by Grinder for 2 turns
  2388 | D:4      | Killed Grinder
  2388 | D:4      | Reached skill level 5 in Fighting
  2388 | D:4      | Reached XP level 6. HP: 40/40 MP: 6/6
  2556 | D:4      | Reached *** piety under Trog
  2566 | D:4      | Reached XP level 7. HP: 40/44 MP: 7/7
  2898 | D:4      | Found a staircase to the Ecumenical Temple.
  2901 | D:4      | Noticed Edmund
  2914 | D:4      | Killed Edmund
  2914 | D:4      | Reached skill level 1 in Bows
  2981 | D:4      | Noticed Robin
  3009 | D:4      | Killed Robin
  3015 | D:4      | Got a slimy helmet
  3035 | D:4      | Identified the +2 helmet of the Seven of Pentacles {+Blink MR- Str+4} (You took it off Robin on level 4 of the Dungeon)
  3403 | D:5      | Entered Level 5 of the Dungeon
  3418 | D:5      | Reached skill level 5 in Armour
  3425 | D:5      | Noticed PeterMcNeter's ghost (novice GrVM)
  3443 | D:5      | Killed PeterMcNeter's ghost
  3443 | D:5      | Reached skill level 5 in Axes
  3443 | D:5      | Reached XP level 8. HP: 51/51 MP: 8/8
  4695 | D:6      | Found a shadowy altar of Dithmenos.
  4698 | D:6      | Reached **** piety under Trog
  5108 | D:6      | Received a gift from Trog
  5108 | D:6      | Reached XP level 9. HP: 56/56 MP: 9/9
  5290 | D:6      | Noticed Eustachio
  5335 | D:6      | Killed Eustachio
  5355 | D:6      | Found a basalt altar of Yredelemnul.
  5906 | D:7      | Received a gift from Trog
  5944 | D:7      | Noticed nubinia's ghost (novice GnWn)
  5956 | D:7      | Reached skill level 5 in Bows
  5970 | D:7      | Killed nubinia's ghost
  6086 | D:7      | Found a radiant altar of Vehumet.
  6160 | D:7      | Reached skill level 5 in Dodging
  6188 | D:7      | Reached XP level 10. HP: 63/63 MP: 10/10
  6448 | D:7      | Noticed a cyclops
  6448 | D:7      | Noticed a white ugly thing
  6448 | D:7      | Found a sparkling altar of Nemelex Xobeh.
  6457 | D:7      | Killed a cyclops
  6465 | D:7      | Slain by a white ugly thing

Vault maps used:
D:1:      evilmike_arrival_rings
D:2:      hangedman_decor_growths, hangedman_decor_peaks_small,
          kennysheep_generic_room_5
D:3:      minmay_crystal_room
D:4:      minmay_temple_entry_statues_fountains, uniq_grinder, uniq_edmund,
          uniq_robin
D:5:      first_bread, corexii_shack
D:6:      marbit_many_paths, nicolae_dithmenos_through_a_glass_darkly,
          uniq_eustachio
D:7:      kennysheep_mini_moat, gammafunk_temple_overflow_arena,
          kennysheep_windowed_goal

Skill      XL: |  1  2  3  4  5  6  7  8  9 10 |
---------------+-------------------------------+-----
Axes           | 3 4 5 6 7 |  7.5
Fighting       | 4 5 6 7 |  7.5
Dodging        | 2 3 4 5 |  5.1
Armour         | 3 4 5 6 |  6.8
Bows           | 2 4 5 6 |  6.2

Action                   |  1- 3 |  4- 6 |  7- 9 | 10-12 || total
-------------------------+-------+-------+-------+-------++-------
Melee: Hand axe          |   108 |   111 |   185 |       ||   404
       War axe           |       |       |   215 |    49 ||   264
 Fire: Shortbow          |       |       |    69 |     9 ||    78
Invok: Berserk           |     1 |     1 |     6 |     1 ||     9
       Burn Spellbooks   |       |     1 |       |       ||     1
  Eat: Chunk             |     3 |     4 |    19 |     1 ||    27
Armor: Animal skin       |    33 |       |       |       ||    33
       Chain mail        |    27 |    91 |   284 |    29 ||   431
Dodge: Dodged            |    68 |    52 |   265 |    29 ||   414
